 Dungeon Crawl Stone Soup version 0.17-a0-1804-gf6433eb (webtiles) character file.

1093 terribad the Skirmisher (level 7, -4/62 HPs)
             Began as a Demigod Fighter on Sept 11, 2015.
             Slain by an ogre
             ... wielding a +0 giant club
              (12 damage)
             ... on level 5 of the Dungeon.
             The game lasted 00:09:11 (4261 turns).

terribad the Skirmisher (Demigod Fighter)           Turns: 4261, Time: 00:09:11

Health: -4/62      AC: 10    Str: 23    XL:     7   Next: 83%
Magic:  9/9        EV:  5    Int: 12    God:
Gold:   181        SH: 10    Dex: 15    Spells: 0 memorised, 6 levels left

rFire  . . .     SeeInvis .     p - +2 falchion (elec)
rCold  . . .     Clarity  .     u - +0 chain mail
rNeg   . . .     SustAt   +     c - +0 shield
rPois  .         Gourm    .     (no helmet)
rElec  .         Spirit   .     (no cloak)
rCorr  .         Warding  .     A - +0 pair of gloves
rMut   .         Rnd*Tele +     (no boots)
MR     .....                    (no amulet)
Stlth  ..........               y - ring of teleportation (curse)
                                f - ring of stealth

@: not resistant to hostile enchantments, extremely unstealthy
A: high mp 1, sustain attributes
a: Evoke Teleportation


You were on level 5 of the Dungeon.
You were not hungry.

You visited 1 branch of the dungeon, and saw 5 of its levels.

You collected 181 gold pieces.

Inventory:

Hand weapons
 a - a +0 war axe
 p - a +2 falchion of electrocution (weapon)
 q - a +0 dagger of electrocution
Armour
 c - a +0 shield (worn)
 u - a +0 chain mail (worn)
 A - a +0 pair of gloves (worn)
Jewellery
 f - a ring of stealth (left hand)
 r - an uncursed ring of flight
 y - a cursed ring of teleportation (right hand)
Magical devices
 b - a wand of polymorph (12)
Scrolls
 g - a scroll of identify
 h - a scroll of immolation {unknown}
 j - 3 scrolls of recharging
 k - a scroll of noise {unknown}
 n - a scroll of remove curse
 t - a scroll of teleportation {unknown}
 w - a scroll of fog {unknown}
 z - a scroll of amnesia {unknown}
 B - a scroll of enchant armour {unknown}
 C - a scroll of vulnerability {unknown}
Potions
 i - a potion of heal wounds {unknown}
 l - 2 potions of agility {unknown}
 m - 3 potions of curing {unknown}
 o - a potion of haste {unknown}
 s - a potion of lignification {unknown}
 v - a potion of degeneration {unknown}
 x - a potion of berserk rage {unknown}
Comestibles
 d - a meat ration
 e - 5 bread rations
 D - a chunk of flesh


   Skills:
 * Level 5.7 Fighting
 * Level 5.6 Axes
 + Level 4.1 Armour
 + Level 4.2 Shields


You had 6 spell levels left.
You didn't know any spells.

Dungeon Overview and Level Annotations

Branches:
Dungeon (5/15)
 Temple: D:4-7


Innate Abilities, Weirdness & Mutations

You have an increased reservoir of magic (+10% MP).
Your attributes are resistant to harm.


Message History

There is an open door here.
The giant cockroach barely misses you.
You slash the giant cockroach!
You kill the giant cockroach!
An ogre comes into view. It is wielding a giant club.
The ogre shouts!
Found an escape hatch in the ceiling.
You see here a giant cockroach corpse.
You completely miss the ogre. The ogre hits you with a giant club!!
You hit the ogre.
The ogre is lightly wounded.
The ogre hits you with a giant club!
You slash the ogre!
The ogre is moderately wounded.
The ogre hits you with a giant club!
* * * LOW HITPOINT WARNING * * *
You hit the ogre.
The ogre is moderately wounded.
The ogre hits you with a giant club!
You die...

.... #####....
####### #........
#.....# #........
#.....# #........
#.....# #........
#.....# ##O.......
#.....# #.@.......
+.....' #....<####
#.....# #†#####
#.....#
#.###########.....#
##'##.......###.....
##...........###.###.
#..>..............<..
#............###.#.#.
#............# #.#...


You could see an ogre.

Vanquished Creatures
  The ghost of password the Shield-Bearer, an average FoFi (D:4)
  Prince Ribbit (D:5)
  A sky beast (D:5)
  A centaur (D:5)
  A necrophage (D:3)
  2 scorpions
  A crimson imp (D:5)
  A worker ant (D:5)
  A hound (D:5)
  Terence (D:3)
  An iguana (D:4)
  A hound skeleton (D:5)
  4 gnolls (D:4)
  6 adders
  3 oozes
  3 worms
  5 giant geckos
  6 orcs
  5 ball pythons
  7 bats
  3 giant cockroaches
  7 hobgoblins
  4 jackals (D:3)
  4 kobolds
  3 quokkas
  6 giant newts
  6 goblins
  6 rats
91 creatures vanquished.

Notes
Turn   | Place    | Note
--------------------------------------------------------------
     0 | D:1      | terribad the Demigod Fighter began the quest for the Orb.
     0 | D:1      | Reached XP level 1. HP: 18/18 MP: 3/3
   642 | D:1      | Reached XP level 2. HP: 25/25 MP: 4/4
   964 | D:2      | Reached skill level 3 in Fighting
  1027 | D:2      | Reached XP level 3. HP: 21/31 MP: 5/5
  1767 | D:3      | Reached XP level 4. HP: 36/38 MP: 6/6
  2399 | D:3      | Noticed a necrophage
  2413 | D:3      | Killed a necrophage
  2413 | D:3      | Reached XP level 5. HP: 36/46 MP: 7/7
  2650 | D:3      | Found a burning altar of Makhleb.
  2650 | D:3      | Found a stormy altar of Qazlal.
  2727 | D:3      | Noticed Terence
  2735 | D:3      | Killed Terence
  2735 | D:3      | Reached skill level 4 in Axes
  2900 | D:4      | Noticed password's ghost (average FoFi)
  2906 | D:4      | Killed password's ghost
  2906 | D:4      | Reached XP level 6. HP: 40/53 MP: 8/8
  3019 | D:4      | Found an opulent altar of Gozag.
  3024 | D:4      | Found a white marble altar of Elyvilon.
  3559 | D:5      | Entered Level 5 of the Dungeon
  3610 | D:5      | Reached skill level 5 in Fighting
  3610 | D:5      | Reached XP level 7. HP: 55/61 MP: 9/9
  3662 | D:5      | Reached skill level 5 in Axes
  3772 | D:5      | Noticed Prince Ribbit
  3780 | D:5      | Killed Prince Ribbit
  3921 | D:5      | Found a glowing silver altar of Zin.
  4261 | D:5      | Slain by an ogre

Vault maps used:
D:1:      scummos_arrival_simple_crosswalls
D:3:      amethyst_overflow_temple_binary, uniq_terence
D:4:      lemuel_round_altar, first_bread, grunt_gozag_statues
D:5:      led_xom_imps, kennysheep_little_box, minmay_temple_entry_poolview,
          uniq_prince_ribbit1

Action                   |  1- 3 |  4- 6 |  7- 9 || total
-------------------------+-------+-------+-------++-------
Melee: War axe           |   137 |    66 |       ||   203
       Unarmed           |       |     5 |       ||     5
       Falchion          |       |    55 |    69 ||   124
  Use: Scroll            |       |     3 |       ||     3
       Potion            |       |     1 |       ||     1
  Eat: Chunk             |     3 |     4 |       ||     7
       Pizza             |       |     1 |       ||     1
       Meat ration       |       |       |     1 ||     1
